 Dungeon Crawl Stone Soup version 0.30-a0-414-gcb316572d5 (webtiles) character file.

Game seed: 13574408131894441082

4 flotson the Sneak (level 1, -1/18 HPs)
             Began as a Demonspawn Delver on Dec 8, 2022.
             Slain by an orc
             ... wielding a +0 hand axe
              (5 damage)
             ... on level 4 of the Dungeon.
             The game lasted 00:00:23 (150 turns).

flotson the Sneak (Demonspawn Delver)                Turns: 150, Time: 00:00:24

Health: -1/18      AC:  3    Str: 12    XL:     1   Next: 50%
Magic:  1/1        EV: 11    Int: 11    God:
Gold:   0          SH:  0    Dex: 14    Spells: 0/0 levels left

rFire   . . .      SeeInvis .    a - +0 hand axe
rCold   . . .      Faith    .    (no shield)
rNeg    . . .      Spirit   .    b - +0 leather armour
rPois   .          Reflect  .    (no helmet)
rElec   .          Harm     .    (no cloak)
rCorr   .          Rampage  .    (no gloves)
Will    .....                    (no boots)
Stlth   ++........               (no amulet)
HPRegen 0.23/turn                (no ring)
MPRegen 0.07/turn                (no ring)

@: no status effects
A: no striking features
a: no special abilities


You were on level 4 of the Dungeon.
You visited 1 branch of the dungeon, and saw 2 of its levels.

Inventory:

Hand Weapons
 a - a +0 hand axe (weapon)
Armour
 b - a +0 leather armour (worn)
Wands
 g - a wand of digging (3)
Scrolls
 c - a scroll of fog
 d - a scroll of magic mapping
 e - a scroll of fear
Potions
 f - a potion of haste


   Skills:
 + Level 3.0 Fighting
 - Level 1.7 Axes
 + Level 0.2 Armour
 + Level 1.8 Dodging
 + Level 4.5 Stealth
 + Level 0.2 Evocations


You couldn't memorise any spells.
You didn't know any spells.
Your spell library was empty.

Dungeon Overview and Level Annotations

Branches:
Dungeon (5/15)
 Temple: D:4-7

Altars:


Message History

The orc barely misses you.
You hit the orc.
You kill the orc!
Things that are here:
a +0 hand axe; a +0 leather armour; an orc corpse You start resting.
HP restored.
Things that are here:
a +0 hand axe; a +0 leather armour; an orc corpse
There is a stone staircase leading down here.
You climb downwards.
The orc hits you but does no damage.
There is a stone staircase leading up here.
The orc hits you with a +0 hand axe.
You climb upwards.
There is a stone staircase leading down here.
You barely miss the orc. The orc hits you with a +0 hand axe.
You barely miss the orc. The orc hits you with a +0 hand axe.
The orc barely misses you.
You hit the orc but do no damage. The orc closely misses you.
You hit the orc.
The orc is lightly wounded.
The orc hits you with a +0 hand axe.
You hit the orc but do no damage.
The orc is lightly wounded.
The orc closely misses you.
You hit the orc but do no damage.
The orc is lightly wounded.
The orc hits you with a +0 hand axe.
* * * LOW HITPOINT WARNING * * *
You hit the orc.
The orc is severely wounded.
The orc closely misses you. The orc hits you with a +0 hand axe.
* * * LOW HITPOINT WARNING * * *
You closely miss the orc.
The orc is severely wounded.
The orc barely misses you.
You barely miss the orc.
The orc is severely wounded.
The orc hits you with a +0 hand axe.
You die...

#. ####..
...!. ...#
####+#...#
#........#
#..o@....#
#...[)...#
#.......##
#.......#
####+####


You could see an orc.

Vanquished Creatures
  2 orcs (D:4)
2 creatures vanquished.

Notes
Turn   | Place    | Note
-------+----------+-------------------------------------------
     0 | D:5      | flotson the Demonspawn Delver began the quest for the Orb.
     0 | D:5      | Reached XP level 1. HP: 18/18 MP: 1/1
    83 | D:5      | Noticed a hound
   150 | D:4      | Slain by an orc

Illustrated notes

Levels and vault maps discovered:
D:4:      layout_basic, roderic_roman_lattice, uniq_blork_the_orc, uniq_ijyb
D:5:      minmay_razor_zed, layout_cave_pools, minmay_temple_entry_mini_moons,
          ebering_ghost_sewer_f, uniq_menkaure, uniq_edmund

Action                   || total
-------------------------++-------
Melee: Hand axe          ||    22
Armor: Leather armour    ||     3
Dodge: Dodged            ||    13

Table legend: (Time is in decaauts)
 A = Elapsed time spent in this place.
 B = Non-inter-level travel time spent in this place.
 C = Inter-level travel time spent in this place.
 D = Time resting spent in this place.
 E = Time spent auto-exploring this place.
 F = Levels seen in this place.
 G = Mean time per level.
                   A        B        C        D        E       F      G
               +--------+--------+--------+--------+--------+-----+--------+
         Total |    156 |    156 |      0 |     98 |      9 |   2 |   78.0 |
       Dungeon |    156 |    156 |      0 |     98 |      9 |   2 |   78.0 |
               +--------+--------+--------+--------+--------+-----+--------+

Top non-repeatable levels by time:
     D:4: 129 daAuts
     D:5: 26 daAuts
